 Dungeon Crawl Stone Soup version 0.28-a0-732-g75e6d9beac (webtiles) character file.

Game seed: 11580451796989365353

281 Jannitor the Skirmisher (level 6, 0/70 HPs)
             Began as a Djinni Chaos Knight on Oct 29, 2021.
             Was a Plaything of Xom.
             Slain by a hornet zombie (10 damage)
             ... on level 5 of the Dungeon.
             The game lasted 00:05:24 (2708 turns).

Jannitor the Skirmisher (Djinni Chaos Knight)       Turns: 2708, Time: 00:05:24

Health: 0/70       AC: 23    Str: 11    XL:     6   Next: 53%
Gold:   175        EV:  2    Int: 15    God:    Xom [..*...] SH:  0 Dex: 13

rFire   . . .      SeeInvis .   a - +0 short sword (chaos)
rCold   . . .      Faith    .   (no shield)
rNeg    . . .      Spirit   .   (armour currently unavailable)
rPois   ∞          Reflect  .   (helmet currently unavailable)
rElec   .          Harm     .   (cloak currently unavailable)
rCorr   .          Rampage  .   (gloves currently unavailable)
Will    .....      NoTele   +   (boots unavailable)
Stlth   ++........              (no amulet)
HPRegen 0.21/turn               (no ring)
MPRegen 0.00/turn               (no ring)

@: tree-form
A: stationary, stasis, torment immunity, boosted hp, sickness immunity, (fire
resistance 2), (cold vulnerability 1), float, innate caster, hp casting, extra
vitality 1
a: Renounce Religion


You were on level 5 of the Dungeon.
You worshipped Xom.
You were a toy of Xom.
You were a tree.
You visited 1 branch of the dungeon, and saw 5 of its levels.

You collected 175 gold pieces.

Inventory:

Hand Weapons
 a - a +0 short sword of chaos (weapon)
 f - a +0 rapier
Missiles
 g - 3 datura-tipped darts (quivered)
Armour
 b - a +2 leather armour (melded)
Scrolls
 d - a scroll of fear {unknown}
 i - a scroll of immolation {unknown}
Potions
 e - a potion of might {unknown}
 k - a potion of heal wounds {unknown}


   Skills:
 + Level 4.0 Fighting
 + Level 3.7 Short Blades
 - Level 1.7 Armour
 + Level 3.6 Dodging
 + Level 2.1 Stealth
 + Level 1.3 Spellcasting


You had 4 spell levels left.
You knew the following spells:

 Your Spells              Type           Power      Damage    Failure   Level
a - Pain                  Necr           20%        1d5       14%         1
b - Passwall              Tmut/Erth      4%         N/A       21%         2
Your spell library was empty.

Dungeon Overview and Level Annotations

Branches:
Dungeon (5/15)             Temple (0/1) D:5

Altars:

Shops:
D:1 [

Annotations:
D:4 Robin


Innate Abilities, Weirdness & Mutations

You are a tree.
Your roots penetrate the ground, keeping you stationary.
You cannot be teleported.
You are immune to unholy pain and torment.
Your maximum health is greatly increased.
Your equipment is partially melded.
You are immune to sickness and miasma.
You are immune to poison.
((Your flesh is very heat resistant. (rF++)))
((You are vulnerable to cold. (rC-)))
You float through the air rather than walking.
You learn spells naturally, not from books.
Your magical power is your life essence.
You have superior vitality. (+4 HP)


Message History

The hornet zombie is lightly damaged.
The hornet zombie hits you but does no damage.
You hit the hornet zombie but do no damage.
The hornet zombie flickers and vanishes!
Deactivating autopickup; reactivate with Ctrl-A.
Something hits you. x2
No target in view!
It was a potion of lignification.
You turn into a tree.
Your +2 leather armour melds into your body.
Your roots penetrate the ground.
Something hits you but does no damage.
You cannot move.
You cannot move.
You cannot move.
You cannot move.
You hit something.
Nothing appears to happen.
Something hits you but does no damage. x2
You hit something.
Nothing appears to happen.
Something hits you.
You hit something. Something hits you.
You hit something. You burn something. Something hits you but does no damage.
You hit something. You burn something. Something hits you but does no damage.
Something hits you.
You hit something but do no damage. Something hits you.
Something hits you but does no damage.
You hit something but do no damage. Something hits you but does no damage.
You hit something.
Something hits you but does no damage. x2
You closely miss something. Something hits you. x2
You barely miss something.
Something hits you but does no damage. x2
You hit something.
Nothing appears to happen.
Something hits you.
You barely miss something. Something hits you but does no damage.
Something hits you!
You closely miss something. Something hits you but does no damage.
Something hits you.
You hit something. You burn something. Something hits you.
* * * LOW HITPOINT WARNING * * *
Something hits you but does no damage.
You hit something but do no damage. Something hits you!
* * * LOW HITPOINT WARNING * * *
You miss something. Something hits you!
You die... "Huh?
Did I miss anything?"

#. #. #. #
#.####.#
#......#h##
#....Z.....
##.#####.##
#{# #♣#
###.# #...#
#.### #.#
#.# #.# #.#
#.# ##


There were no monsters in sight!

Vanquished Creatures
  A scorpion (D:5)
  A hound (D:4)
  A bullfrog skeleton (D:5)
  Natasha (thrice) (D:2)
  A hound zombie (D:5)
  2 dart slugs (D:1)
  An orc (D:5)
  4 endoplasms
  3 giant cockroaches
  8 goblins
  6 hobgoblins
  10 jackals
  7 kobolds
  3 quokkas
  3 ball pythons
  3 bats (D:1)
  2 frilled lizards
  6 rats
65 creatures vanquished.

Notes
Turn   | Place    | Note
-------+----------+-------------------------------------------
     0 | D:1      | Jannitor the Djinni Chaos Knight began the quest for the
                  | Orb.
     0 | D:1      | Reached XP level 1. HP: 20/20 MP: 0/0
     5 | D:1      | You are sucked into a shaft and drop 1 floor!
    11 | D:2      | Noticed Natasha
    16 | D:2      | XOM: potion effect (might)
    18 | D:2      | Killed Natasha
    19 | D:2      | Reached XP level 2. HP: 15/25 MP: 0/0
    19 | D:2      | Reached XP level 3. HP: 18/30 MP: 0/0
    19 | D:2      | Learned a level 1 spell: Pain
   145 | D:1      | Found a faded altar of an unknown god.
   256 | D:1      | Reached skill level 1 in Stealth
   380 | D:1      | Reached XP level 4. HP: 18/35 MP: 0/0
   473 | D:1      | XOM: cloud trail
   730 | D:1      | XOM: silly message
   891 | D:1      | Found Jaub's Armour Shoppe.
  1379 | D:2      | Noticed Natasha
  1393 | D:2      | Killed Natasha
  1394 | D:2      | Reached XP level 5. HP: 14/40 MP: 0/0
  1394 | D:2      | Learned a level 2 spell: Passwall
  1611 | D:2      | Noticed Natasha
  1620 | D:2      | Killed Natasha
  1763 | D:2      | You are sucked into a shaft and drop 2 floors!
  1913 | D:3      | Noticed a necrophage
  1977 | D:5      | Entered Level 5 of the Dungeon
  2008 | D:5      | Found a staircase to the Ecumenical Temple.
  2016 | D:5      | XOM: silly message
  2024 | D:5      | XOM: divination: detect items
  2026 | D:5      | Reached skill level 1 in Spellcasting
  2026 | D:5      | Reached XP level 6. HP: 42/47 MP: 0/0
  2039 | D:5      | XOM: 4-stop teleportation journey
  2084 | D:5      | XOM: 1-stop teleportation journey
  2089 | D:5      | XOM: smoke on damage
  2115 | D:5      | XOM: enchant monster (good)
  2120 | D:4      | Noticed Robin
  2122 | D:4      | XOM: chaos upgrade
  2198 | D:4      | XOM: god gift: 3 datura-tipped darts
  2548 | D:5      | Reached skill level 4 in Fighting
  2708 | D:5      | Slain by a hornet zombie

Illustrated notes

Levels and vault maps discovered:
D:1:      matt_arrival_grand_opening, layout_loops_ring,
          ebering_ecumenical_altar_petrified, serial_shops, shop_coins
D:2:      layout_loops_cross, uniq_natasha
D:3:      layout_loops_cross, serial_bayou_pond_b, minmay_snake_closets
D:4:      layout_cave_pools, ebering_dispersal_statue_hall, uniq_sigmund,
          uniq_robin, uniq_eustachio
D:5:      minmay_opposing_rooms, layout_loops_ring,
          minmay_temple_entry_crystal_x

Skill      XL: |  1  2  3  4  5  6 |
---------------+-------------------+-----
Short Blades   | 3 |  3.7
Stealth        | 1 2 |  2.1
Dodging        | 3 |  3.6
Spellcasting   | 1 |  1.3
Fighting       | 4 |  4.0
Armour         | |  1.7

Action                   |  1- 3 |  4- 6 || total
-------------------------+-------+-------++-------
Melee: Short sword       |    60 |   170 ||   230
 Cast: Pain              |       |     2 ||     2
  Use: Potion            |       |     5 ||     5
 Stab: Sleeping          |       |     2 ||     2
Armor: Leather armour    |    30 |    34 ||    64
       Skin              |       |    14 ||    14
Dodge: Dodged            |    24 |   106 ||   130

Table legend: (Time is in decaauts)
 A = Elapsed time spent in this place.
 B = Non-inter-level travel time spent in this place.
 C = Inter-level travel time spent in this place.
 D = Time resting spent in this place.
 E = Time spent auto-exploring this place.
 F = Levels seen in this place.
 G = Mean time per level.
                   A        B        C        D        E       F      G
               +--------+--------+--------+--------+--------+-----+--------+
         Total |   2686 |   2633 |     53 |   1078 |    960 |   5 |  537.2 |
       Dungeon |   2686 |   2633 |     53 |   1078 |    960 |   5 |  537.2 |
               +--------+--------+--------+--------+--------+-----+--------+

Top non-repeatable levels by time:
     D:1: 1223 daAuts
     D:5: 554 daAuts
     D:2: 540 daAuts
     D:4: 366 daAuts
     D:3: 1 daAuts
